 Dungeon Crawl Stone Soup version 0.26-a0-27-g1f0226971c (webtiles) character file.

Game seed: 10334501099298653681, levelgen mode: deterministic

147 Lanoc the Insei (level 5, -2/40 HPs)
             Began as a Gnoll Transmuter on May 27, 2020.
             Was a Follower of Elyvilon.
             Slain by an ice beast (10 damage)
             ... on level 5 of the Dungeon.
             The game lasted 00:04:07 (4106 turns).

Lanoc the Insei (Gnoll Transmuter)                  Turns: 4106, Time: 00:04:07

Health: -2/40      AC:  4    Str: 13    XL:     5   Next: 29%
Magic:  12/12      EV: 15    Int: 15    God:    Elyvilon [*.....]
Gold:   146        SH:  0    Dex: 16    Spells: 11/14 levels left

rFire    . . .     SeeInvis .     - Unarmed
rCold    . . .     Gourm    .   (no shield)
rNeg     . . .     Faith    .   b - +0 robe
rPois    .         Spirit   .   (no helmet)
rElec    .         Reflect  .   r - +1 cloak
rCorr    .         Harm     .   (no gloves)
MR       .....                  (boots currently unavailable)
Stlth    ++........             e - amulet of inaccuracy (curse)
HPRegen  0.13/turn              (no ring)
MPRegen  0.13/turn              (no ring)

@: appendage (expiring)
A: distributed training, fangs 1, talons 3, strong nose
a: End Transformation, Lesser Healing, Divine Protection, Renounce Religion


You were on level 5 of the Dungeon.
You worshipped Elyvilon.
Elyvilon was aware of your devotion.
You were not hungry.
You had grown temporary talons.
You visited 1 branch of the dungeon, and saw 5 of its levels.

You collected 146 gold pieces.

Inventory:

Missiles
 a - 89 arrows
 o - 28 poisoned darts (quivered)
Armour
 b - a +0 robe (worn)
 r - a +1 cloak (worn)
Jewellery
 e - a cursed amulet of inaccuracy (around neck)
Scrolls
 f - 4 scrolls of teleportation {unknown}
 i - 3 scrolls of remove curse {unknown}
 k - 2 scrolls of identify {unknown}
 l - a scroll of amnesia {unknown}
 n - a scroll of enchant weapon {unknown}
 s - a scroll of fog {unknown}
Potions
 c - a potion of might {unknown}
 g - a potion of cancellation {unknown}
 h - a potion of degeneration {unknown}
 j - a potion of lignification {unknown}
 m - a potion of magic {unknown}
 q - a potion of heal wounds {unknown}
Comestibles
 d - 9 rations
 p - 3 chunks of flesh


   Skills:
 + Level 2.9 Fighting
 + Level 1.4 Short Blades
 + Level 1.4 Long Blades
 + Level 1.4 Axes
 + Level 1.4 Maces & Flails
 + Level 1.4 Polearms
 + Level 1.4 Staves
 + Level 1.4 Slings
 + Level 1.4 Bows
 + Level 1.4 Crossbows
 + Level 1.4 Throwing
 + Level 1.4 Armour
 + Level 4.7 Dodging
 + Level 1.4 Stealth
 + Level 1.4 Shields
 + Level 6.6 Unarmed Combat
 + Level 5.1 Spellcasting
 + Level 1.1 Conjurations
 + Level 1.1 Hexes
 + Level 1.1 Charms
 + Level 1.1 Summonings
 + Level 1.1 Necromancy
 + Level 1.1 Translocations
 + Level 3.9 Transmutations
 + Level 1.1 Fire Magic
 + Level 1.1 Ice Magic
 + Level 1.1 Air Magic
 + Level 1.1 Earth Magic
 + Level 1.1 Poison Magic
 + Level 1.5 Invocations
 + Level 1.4 Evocations


You had 11 spell levels left.
You knew the following spells:

 Your Spells              Type           Power        Failure   Level  Hunger
a - Beastly Appendage     Tmut           ###...       3%          1    None
b - Sticks to Snakes      Tmut           ###.....     4%          2    ##.....

Your spell library contained the following spells:

 Spells                   Type           Power        Failure   Level  Hunger
 Spider Form              Tmut/Pois      ##........   17%         3    ###....
 Ice Form                 Ice/Tmut       ##......     50%         4    ####...
 Blade Hands              Tmut           ###.......   65%         5    ######.


Dungeon Overview and Level Annotations

Branches:
Dungeon (5/15)
 Temple: D:4-7

Altars:
Elyvilon

Annotations:
D:3 MisterFreud's ghost, amateur OpGl
D:4 Sigmund


Innate Abilities, Weirdness & Mutations

Your experience applies equally to all skills.
You have very sharp teeth.
Your uncanny sense of smell can sniff out nearby items.
You have claws for feet.


Message History

The ice beast hits you but does no damage.
Found a scroll labeled CUQIRIP WYLO.
You hit the ice beast. Your bite misses the ice beast.
The ice beast is lightly wounded.
You closely miss the ice beast. Your kick misses the ice beast.
Your bite misses the ice beast.
The ice beast is lightly wounded.
The ice beast hits you. The ice beast freezes you!
You barely miss the ice beast. Your bite misses the ice beast.
The ice beast is lightly wounded.
The ice beast hits you. The ice beast freezes you!
* * * LOW HITPOINT WARNING * * *
You are too injured to fight recklessly!
The ice beast barely misses you.
Your transformation is almost over.
There is a stone staircase leading up here.
The ice beast hits you.
* * * LOW HITPOINT WARNING * * *
The ice beast freezes you!
You die...

.. #.......
.########.......
..............
##........... ?
#..........# ..
#..........# ...
###.@Y.......####....
#....................
#............####....
#++####......# ... ∆
##....## .. ##...## #
##...####
##.....#####
#####......


You could see an ice beast.

Vanquished Creatures
  Crazy Yiuf (D:2)
  4 adders (D:2)
  2 oozes
  An adder zombie (D:5)
  3 worms
  3 dart slugs
  2 leopard geckos (D:1)
  4 orcs
  2 giant cockroaches (D:1)
  5 goblins
  2 hobgoblins
  4 jackals (D:1)
  A quokka (D:3)
  9 bats
  5 kobolds
  A quokka zombie (D:5)
  5 rats
54 creatures vanquished.

Notes
Turn   | Place    | Note
-------+----------+-------------------------------------------
     0 | D:1      | Lanoc the Gnoll Transmuter began the quest for the Orb.
     0 | D:1      | Reached XP level 1. HP: 17/17 MP: 6/6
    41 | D:1      | Reached XP level 2. HP: 14/23 MP: 5/7
   163 | D:1      | Learned a level 2 spell: Sticks to Snakes
   521 | D:1      | Reached XP level 3. HP: 28/28 MP: 7/9
   544 | D:1      | Reached skill level 5 in Spellcasting
   875 | D:2      | Reached skill level 1 in Invocations
  1224 | D:2      | Reached skill level 1 in Short Blades
  1224 | D:2      | Reached skill level 1 in Long Blades
  1224 | D:2      | Reached skill level 1 in Axes
  1224 | D:2      | Reached skill level 1 in Maces & Flails
  1224 | D:2      | Reached skill level 1 in Polearms
  1224 | D:2      | Reached skill level 1 in Staves
  1224 | D:2      | Reached skill level 1 in Slings
  1224 | D:2      | Reached skill level 1 in Bows
  1224 | D:2      | Reached skill level 1 in Crossbows
  1224 | D:2      | Reached skill level 1 in Throwing
  1224 | D:2      | Reached skill level 1 in Armour
  1224 | D:2      | Reached skill level 1 in Stealth
  1224 | D:2      | Reached skill level 1 in Shields
  1224 | D:2      | Reached skill level 1 in Evocations
  1362 | D:2      | Reached XP level 4. HP: 30/34 MP: 11/11
  1400 | D:2      | Found a white marble altar of Elyvilon.
  1767 | D:2      | Became a worshipper of Elyvilon the Healer
  2215 | D:3      | Noticed an ogre
  2216 | D:3      | Found a transporter.
  2216 | D:3      | Noticed MisterFreud's ghost (amateur OpGl)
  2217 | D:3      | Identified the +9 great mace "Dudahik" {freeze, Str+4 Dex+2
                  | Stlth+}
  2217 | D:3      | Noticed an ogre
  2368 | D:3      | Reached * piety under Elyvilon
  2704 | D:3      | Found a transporter.
  2715 | D:3      | Elyvilon protects you from harm!
  3068 | D:2      | Found a runed translucent door.
  3069 | D:2      | Noticed Crazy Yiuf
  3176 | D:2      | Reached skill level 1 in Conjurations
  3176 | D:2      | Reached skill level 1 in Hexes
  3176 | D:2      | Reached skill level 1 in Charms
  3176 | D:2      | Reached skill level 1 in Summonings
  3176 | D:2      | Reached skill level 1 in Necromancy
  3176 | D:2      | Reached skill level 1 in Translocations
  3176 | D:2      | Reached skill level 1 in Fire Magic
  3176 | D:2      | Reached skill level 1 in Ice Magic
  3176 | D:2      | Reached skill level 1 in Air Magic
  3176 | D:2      | Reached skill level 1 in Earth Magic
  3176 | D:2      | Reached skill level 1 in Poison Magic
  3739 | D:2      | Killed Crazy Yiuf
  3739 | D:2      | Reached XP level 5. HP: 25/40 MP: 10/12
  3892 | D:4      | Noticed Sigmund
  3898 | D:5      | Entered Level 5 of the Dungeon
  4088 | D:5      | Noticed an ice beast
  4106 | D:5      | Slain by an ice beast

Illustrated notes

Levels and vault maps discovered:
D:1:      lightli_arrival_noodles, layout_basic, chequers_serial_rivers_room_a
D:2:      layout_basic, serial_bayou, serial_bayou_ford_a, serial_bayou_pond_e,
          serial_bayou_pond_c, serial_bayou_shore_b, serial_bayou_lake_a,
          elyvilon_altar_5, uniq_crazy_yiuf_cottage
D:3:      layout_basic, gammafunk_ghost_smash
D:4:      layout_rooms, first_ration, minivault_14, uniq_sigmund
D:5:      kennysheep_big_flooded_room, layout_rooms, hex_intersection,
          uniq_duvessa

Skill      XL: |  1  2  3  4 |
---------------+-------------+-----
Spellcasting   | 5 |  5.1
Invocations    | 1 |  1.5
Short Blades   | 1 |  1.4
Long Blades    | 1 |  1.4
Axes           | 1 |  1.4
Maces & Flails | 1 |  1.4
Polearms       | 1 |  1.4
Staves         | 1 |  1.4
Slings         | 1 |  1.4
Bows           | 1 |  1.4
Crossbows      | 1 |  1.4
Throwing       | 1 |  1.4
Armour         | 1 |  1.4
Stealth        | 1 |  1.4
Shields        | 1 |  1.4
Evocations     | 1 |  1.4
Conjurations   | 1 |  1.1
Hexes          | 1 |  1.1
Charms         | 1 |  1.1
Summonings     | 1 |  1.1
Necromancy     | 1 |  1.1
Translocations | 1 |  1.1
Fire Magic     | 1 |  1.1
Ice Magic      | 1 |  1.1
Air Magic      | 1 |  1.1
Earth Magic    | 1 |  1.1
Poison Magic   | 1 |  1.1
Fighting       | |  2.9
Dodging        | |  4.7
Unarmed Combat | |  6.6
Transmutations | |  3.9

Action                   |  1- 3 |  4- 6 || total
-------------------------+-------+-------++-------
Melee: Unarmed           |    85 |    97 ||   182
       Bite              |     7 |     8 ||    15
       Kick              |     5 |    15 ||    20
       Headbutt          |     6 |     1 ||     7
       Punch             |     3 |     6 ||     9
Throw: Dart              |       |     2 ||     2
 Cast: Beastly Appendage |    18 |    14 ||    32
 Stab: Sleeping          |     4 |     3 ||     7
  Eat: Chunk             |     1 |     6 ||     7
       Ration            |       |     1 ||     1
Armor: Robe              |     8 |    12 ||    20
Dodge: Dodged            |    65 |    82 ||   147

Table legend:
 A = Non-vault XP
 B = Vault XP
 C = Vault XP percentage of total XP
 D = Non-vault monster count
 E = Vault monster count
 F = Vault count percentage of total count
                 A         B        C        D         E       F
            +---------+---------+-------+---------+---------+-------
      Total |     171 |      40 |  19.0 |      53 |       1 |   1.9
            +---------+---------+-------+---------+---------+-------
        D:1 |      45 |       0 |   0.0 |      24 |       0 |   0.0
        D:2 |      85 |      40 |  32.0 |      15 |       1 |   6.2
        D:3 |      23 |       0 |   0.0 |       9 |       0 |   0.0
        D:5 |      18 |       0 |   0.0 |       5 |       0 |   0.0
            +---------+---------+-------+---------+---------+-------
